 Dungeon Crawl Stone Soup version 0.22-a0-348-gd16d1391c7 (webtiles) character file.

88 ohados the Changer (level 4, -3/28 HPs)
             Began as an Octopode Transmuter on Apr 4, 2018.
             Was an Initiate of Okawaru.
             Slain by an orc priest
             ... wielding a +0 club
              (4 damage)
             ... on level 2 of the Dungeon on Apr 7, 2018.
             The game lasted 00:04:53 (3136 turns).

ohados the Changer (Octopode Transmuter)            Turns: 3136, Time: 00:04:54

Health: -3/28      AC:  1    Str:  9    XL:     4   Next: 54%
Magic:  7/7        EV: 13    Int: 21    God:    Okawaru [......]
Gold:   107        SH:  0    Dex: 12    Spells: 1/7 levels left

rFire    . . .     SeeInvis .     - Unarmed
rCold    . . .     Gourm    .   (no shield)
rNeg     . . .     Faith    .   (helmet restricted)
rPois    .         Spirit   .   (no amulet)
rElec    .         Reflect  .   (no ring)
rCorr    .         Harm     .   (no ring)
MR       .....                  (no ring)
Stlth    +++.......             (no ring)
HPRegen  0.09/turn              (no ring)
MPRegen  0.10/turn              (no ring)
                                (no ring)
                                (no ring)

@: brilliant
A: almost no armour, stealthy swim, amphibious, 8 rings, constrict 8, camouflage
1, gelatinous body 1
a: Renounce Religion


You were on level 2 of the Dungeon.
You worshipped Okawaru.
Okawaru was noncommittal.
You were very hungry.

You visited 1 branch of the dungeon, and saw 2 of its levels.

You collected 107 gold pieces.

Inventory:

Hand Weapons
 i - a +0 dagger
 k - a +1 dagger of holy wrath
Missiles
 a - 38 arrows
Scrolls
 d - a scroll of teleportation
 f - 2 scrolls of magic mapping {unknown}
 g - 2 scrolls of identify {unknown}
 h - a scroll of immolation {unknown}
Potions
 l - a potion of might {unknown}
Comestibles
 c - 2 rations


   Skills:
 - Level 1.0 Fighting
 - Level 2.0 Dodging
 - Level 1.4 Stealth
 - Level 3.0 Unarmed Combat
 - Level 2.0 Spellcasting
 + Level 4.4 Transmutations


You had one spell level left.
You knew the following spells:

 Your Spells              Type           Power        Failure   Level  Hunger
a - Beastly Appendage     Tmut           ####..       1%          1    #......
b - Sticks to Snakes      Tmut           ####....     1%          2    ##.....
c - Spider Form           Tmut/Pois      ###.......   2%          3    ###....


Dungeon Overview and Level Annotations

Branches:
Dungeon (2/15)

Altars:
Fedhas
Makhleb
Okawaru
Ru

Annotations:
D:2 Sigmund


Innate Abilities, Weirdness & Mutations

You cannot wear most types of armour.
You are very stealthy in the water. (Stealth+)
You are amphibious.
You can wear up to eight rings at the same time.
You can use your tentacles to constrict eight enemies at once.
Your skin changes colour to match your surroundings (Stealth+).
Your rubbery body absorbs attacks. (AC +1, EV +1)


Message History

You hit the orc.
The orc is poisoned.
The orc is moderately wounded.
The orc wizard misses you. The orc closely misses you.
The orc priest calls down the wrath of Beogh upon you.
Beogh smites you!
Ouch! That really hurt!
You bite the orc!
You kill the orc!
Okawaru accepts your kill. The orc wizard closely misses you.
The orc priest mumbles some strange prayers to Beogh against you.
Beogh smites you!
* * * LOW HITPOINT WARNING * * *
It was a potion of brilliance.
You feel clever all of a sudden. The orc wizard barely misses you.
It was a potion of magic.
Magic courses through your body.
Your transformation has ended.
The orc wizard closely misses you. The orc priest hits you with a club.
You die...

...##....##### ### ###.........
.####.####...# #.###..>........
....).# ##...### #...........####
.###### #.)....# #######...######
## #####....#.# #...# #.. #
#o.b.....#.# ##.#####.#
#.###.####.# #..>......
#.##.......### ####..#.#.#.#
#.##...)...o@# ##.##....#.#.#
##.##o#.....#o###...#.####.#.#
####........#....).....(.####.#..
.........##.#.##.#######......###
.#.#.o...........###...########
##.#)#..###.#######.....##
#...#..# #.# #.......# ##..##..#
#.# #..._...# .#......# #.......#


You could see an orc priest and an orc wizard.

Vanquished Creatures
  An orc wizard (D:2)
  An ooze (D:1)
  A worm (D:2)
  5 dart slugs
  2 leopard geckos (D:1)
  An orc (D:2)
  A giant cockroach (D:2)
  5 hobgoblins
  4 jackals (D:1)
  7 bats
  A frilled lizard (D:1)
  6 goblins
  5 kobolds
  3 rats
43 creatures vanquished.

Notes
Turn   | Place    | Note
-------+----------+-------------------------------------------
     0 | D:1      | ohados the Octopode Transmuter began the quest for the Orb.
     0 | D:1      | Reached XP level 1. HP: 13/13 MP: 3/3
     1 | D:1      | Upgraded the game from 0.22-a0-322-g60b3cfd402 to 0.22-a0-348-gd16d1391c7
   134 | D:1      | Reached skill level 1 in Stealth
   143 | D:1      | Reached XP level 2. HP: 12/18 MP: 5/5
   680 | D:1      | Reached skill level 3 in Transmutations
   696 | D:1      | Learned a level 2 spell: Sticks to Snakes
   896 | D:1      | Reached XP level 3. HP: 23/23 MP: 4/6
  1750 | D:2      | Noticed Sigmund
  1756 | D:2      | Learned a level 3 spell: Spider Form
  1793 | D:2      | HP: 1/23 [Sigmund/scythe (8)]
  2657 | D:2      | Reached skill level 4 in Transmutations
  2657 | D:2      | Reached XP level 4. HP: 23/28 MP: 3/7
  2773 | D:2      | Found an iron altar of Okawaru.
  2785 | D:2      | Became a worshipper of Warmaster Okawaru
  2829 | D:2      | Found a burning altar of Makhleb.
  2830 | D:2      | Found a sacrificial altar of Ru.
  3045 | D:2      | Found a blossoming altar of Fedhas.
  3134 | D:2      | HP: 1/28 [orc priest/divine providence (8)]
  3136 | D:2      | Slain by an orc priest

Vault maps used:
D:1:      minmay_arrival_nine_rooms
D:2:      gammafunk_temple_overflow_pools, lemuel_round_altar, first_ration,
          fedhas_altar_4, uniq_sigmund

Skill      XL: |  1  2  3 |
---------------+----------+-----
Stealth        | 1 |  1.4
Transmutations | 3 4 |  4.4
Fighting       | |  1.0
Dodging        | |  2.0
Unarmed Combat | |  3.0
Spellcasting   | |  2.0

Action                   |  1- 3 |  4- 6 || total
-------------------------+-------+-------++-------
Melee: Unarmed           |    82 |    13 ||    95
       Constrict         |    26 |     2 ||    28
       Tentacles         |    11 |     1 ||    12
       Kick              |     9 |     1 ||    10
       Punch             |     1 |       ||     1
 Cast: Beastly Appendage |    10 |     2 ||    12
       Spider Form       |     3 |     2 ||     5
       Sticks to Snakes  |     1 |       ||     1
  Use: Potion            |       |     4 ||     4
       Scroll            |       |     1 ||     1
 Stab: Sleeping          |     8 |     1 ||     9
  Eat: Chunk             |     2 |     1 ||     3
       Ration            |     1 |       ||     1
Armor: Skin              |     9 |     8 ||    17
Dodge: Dodged            |    45 |    29 ||    74

Table legend:
 A = Spawn XP
 B = Non-spawn XP
 C = Spawn XP percentage of total XP
 D = Spawn monster count
 E = Non-spawn monster count
 F = Spawn count percentage of total count
 G = Total turns spent on level
                    A         B        C        D         E        F      G
               +---------+---------+-------+---------+---------+-------+---------
         Total |       0 |     127 |   0.0 |       0 |      43 |   0.0 |  3136
               +---------+---------+-------+---------+---------+-------+---------
           D:1 |       0 |      45 |   0.0 |       0 |      22 |   0.0 |  1982
           D:2 |       0 |      82 |   0.0 |       0 |      21 |   0.0 |  1154
               +---------+---------+-------+---------+---------+-------+---------
